 Dungeon Crawl Stone Soup version 0.32-a0-520-g344ed53f66 (webtiles) character file.

Game seed: 7571206066493476420

504 pornfreak the Slasher (level 7, -2/50 HPs)
             Began as a Coglin Warper on Feb 27, 2024.
             Incinerated by a bombardier beetle (6 damage)
             ... with a burning spray
             ... on level 6 of the Dungeon.
             The game lasted 00:11:08 (3384 turns).

pornfreak the Slasher (Coglin Warper)               Turns: 3384, Time: 00:11:09

Health: -2/50      AC:  6    Str: 13    XL:     7   Next: 17%
Magic:  9/9        EV:  9    Int: 11    God:
Gold:   231        SH:  0    Dex: 17    Spells: 9/9 levels left

rFire   . . .        a - +0 falchion {Pancho}
rCold   . . .        l - +1 dagger (drain) {Paloma}
rNeg    . . .        f - +0 scale mail
rPois   .            (no helmet)
rElec   .            (no cloak)
rCorr   .            (no gloves)
SInv    .            (no boots)
Will    .....        (no amulet) Stlth
                     (ring unavailable)
HPRegen 0.28/turn    (ring unavailable)
MPRegen 0.11/turn

%: no passive effects
@: on fire, glowing, revving
A: off-hand wielding, slow wielding, warmup strikes, no rings, agile 1
a: no special abilities


You were on level 6 of the Dungeon.
You visited 2 branches of the dungeon, and saw 7 of its levels.

You collected 231 gold pieces.

Inventory:

Hand Weapons
 a - a +0 falchion (weapon) {Pancho}
 g - a +0 dagger {Sanghe}
 l - a +1 dagger of draining (offhand) {Paloma}
Armour
 b - a +0 leather armour
 c - a +2 robe of positive energy
 f - a +0 scale mail (worn)
Scrolls
 i - a scroll of enchant weapon {unknown}
 j - 2 scrolls of amnesia {unknown}
 k - 4 scrolls of teleportation
 n - 2 scrolls of immolation {unknown}
 s - a scroll of poison {unknown}
 u - 4 scrolls of identify {unknown}
 v - a scroll of brand weapon {unknown}
Potions
 h - a potion of experience {unknown}
 m - 2 potions of mutation
 p - 3 potions of lignification {unknown}
 q - 3 potions of resistance {unknown}
 r - a potion of might {unknown}
 t - a potion of haste {unknown}


   Skills:
 - Level 2.0 Fighting
 + Level 7.6 Long Blades
 - Level 0.8 Throwing
 - Level 0.8 Armour
 - Level 1.7 Dodging
 - Level 1.7 Spellcasting
 - Level 3.0 Translocations


You had 9 spell levels left.
You didn't know any spells.
Your spell library contained the following spells:

 Spells                   Type           Power      Damage    Failure   Level
 Blink                    Tloc           14%        N/A       54%         2
 Lesser Beckoning         Tloc           14%        N/A       54%         2
 Teleport Other           Tloc           7%         N/A       77%         3
 Sandblast                Erth           0%         2d4       82%         1
 Jinxbite                 Hex            0%         N/A       91%         2
 Passwall                 Erth           0%         N/A       99%         3
 Stone Arrow              Conj/Erth      0%         3d7       99%         3
 Manifold Assault         Tloc           7%         N/A       99%         4
 Brom's Barrelling Bould  Conj/Erth      0%         2d3       100%        4
 Vhi's Electric Charge    Tloc/Air       8%         N/A       100%        4
 Yara's Violent Unravell  Hex/Alch       0%         3d3       100%        5
 Enfeeble                 Hex            0%         N/A       100%        7


Dungeon Overview and Level Annotations

Branches:
Dungeon (6/15)             Temple (1/1) D:5

Altars:
Ashenzari
Dithmenos
Fedhas
Gozag
Hepliaklqana
Nemelex Xobeh
Okawaru
Qazlal
Ru
Sif Muna
Trog
Wu Jian
Xom
The Shining One

Annotations:
D:4 Blork the orc
D:5 Dowan, Duvessa


Innate Abilities, Weirdness & Mutations

You can wield a second weapon in your off-hand.
It takes a long time for you to wield or remove held weapons.
Your first few attacks do less damage.
Your grasper-arms cannot wear rings.
You are agile. (Dex +4, Str/Int -1)


Message History

The liquid fire burns you!
You hit the bombardier beetle with your +0 falchion.
The bombardier beetle is severely wounded.
You hit the bombardier beetle with your +1 dagger of draining.
The liquid fire burns you!
The bombardier beetle bites you but does no damage.
You hit the bombardier beetle with your +1 dagger of draining.
The bombardier beetle is almost dead.
You hit the bombardier beetle with your +0 falchion.
You kill the bombardier beetle!
The liquid fire burns you!
You shake off some of the fire as you move.
The liquid fire burns you!
* * * LOW HITPOINT WARNING * * *
You feel better. The liquid fire burns you!
Unknown command.
You are on fire!
You are on fire!
Unknown command.
Unknown command.
You are on fire!
You are on fire!
You are on fire!
You are on fire!
The liquid fire burns you!
* * * LOW HITPOINT WARNING * * *
The liquid fire burns you!
* * * LOW HITPOINT WARNING * * *
You feel better. The liquid fire burns you!
* * * LOW HITPOINT WARNING * * *
The liquid fire burns you!
* * * LOW HITPOINT WARNING * * *
The liquid fire burns you!
* * * LOW HITPOINT WARNING * * *
It was a potion of mutation.
You feel extremely strange.
You feel agile. x2; You feel clumsy. The liquid fire burns you!
You die...

... ...#### ...B...
###### .......
##.....## .......
##.(###..#
....(..####...#o#
$...((...#@.###.#
......(.....#oo:..#
...#........###.###
##.......[.#.#...
#........<..###...
#......#.........#
.......###.##.....#
..##....# #.. #....
.....=>.. .... ....


You could see an orc wizard.

Vanquished Creatures
  An ice beast (D:6)
  A phantom (D:5)
  A bombardier beetle (D:6)
  A hound (D:5)
  A sleepcap (D:5)
  2 iguanas (D:5)
  11 adders
  4 dart slugs
  2 ribbon worms (D:4)
  An orc (D:3)
  7 endoplasms
  5 giant cockroaches
  8 hobgoblins
  11 jackals
  A quokka (D:2)
  10 ball pythons
  4 bats
  5 frilled lizards
  7 goblins
  4 kobolds
  10 rats
97 creatures vanquished.

Notes
Turn   | Place    | Note
-------+----------+-------------------------------------------
     0 | D:1      | pornfreak the Coglin Warper began the quest for the Orb.
     0 | D:1      | Reached XP level 1. HP: 16/16 MP: 3/3
   100 | D:1      | Reached XP level 2. HP: 12/22 MP: 4/4
   181 | D:1      | Reached skill level 3 in Long Blades
   329 | D:1      | Reached XP level 3. HP: 26/27 MP: 5/5
   908 | D:3      | Reached skill level 4 in Long Blades
   959 | D:3      | Reached XP level 4. HP: 33/33 MP: 6/6
  1439 | D:2      | Found a shimmering altar of Xom.
  1444 | D:2      | Reached skill level 5 in Long Blades
  1444 | D:2      | Reached XP level 5. HP: 32/38 MP: 7/7
  2070 | D:4      | Found a shimmering altar of Xom.
  2425 | D:4      | Found a shadowy altar of Dithmenos.
  2453 | D:4      | Found a shimmering altar of Xom.
  2504 | D:4      | Noticed Blork the orc
  2541 | D:5      | Entered Level 5 of the Dungeon
  2548 | D:5      | Reached skill level 6 in Long Blades
  2690 | D:5      | Noticed Duvessa
  2690 | D:5      | Noticed Dowan
  2935 | D:5      | Found a staircase to the Ecumenical Temple.
  2944 | Temple   | Entered the Ecumenical Temple
  3036 | D:5      | Noticed a phantom
  3041 | D:5      | Reached XP level 6. HP: 40/44 MP: 8/8
  3197 | D:5      | Reached skill level 7 in Long Blades
  3350 | D:6      | Noticed an ice beast
  3373 | D:6      | Killed an ice beast
  3374 | D:6      | Reached XP level 7. HP: 30/50 MP: 9/9
  3384 | D:6      | Gained mutation: You are agile. (Dex +4, Str/Int -1)
                  | [potion of mutation]
  3384 | D:6      | Gained mutation: You are very agile. (Dex +8, Str/Int -2)
                  | [potion of mutation]
  3384 | D:6      | Lost mutation: You are very agile. (Dex +8, Str/Int -2)
                  | [potion of mutation]
  3384 | D:6      | Incinerated by a bombardier beetle

Illustrated notes

Levels and vault maps discovered:
D:1:      onia_arrival_pyramid, layout_basic, minmay_tetromino_t2
D:2:      layout_rooms, basic_altar
D:3:      layout_basic, minmay_misc_feat_chi
D:4:      layout_loops_cross, overflow_temple_1_default, xom_redecorated,
          uniq_blork_the_orc, uniq_sigmund
D:5:      layout_basic, minmay_temple_entry_antechambers, uniq_duvessa
D:6:      layout_cave_pools, amcnicky_mini_corridor_feature,
          minmay_a_box_with_orc_wizards_in_it
Temple:   minmay_temple_forest_path

Skill      XL: |  1  2  3  4  5  6 |
---------------+-------------------+-----
Long Blades    | 3 4 5 6 7 |  7.6
Fighting       | |  2.0
Throwing       | |  0.8
Armour         | |  0.8
Dodging        | |  1.7
Spellcasting   | |  1.7
Translocations | |  3.0

Action                     |  1- 3 |  4- 6 |  7- 9 || total
---------------------------+-------+-------+-------++-------
  Melee: Falchion          |    86 |   161 |     3 ||   250
         Dagger            |    69 |   164 |     3 ||   236
  Throw: Dart              |       |    12 |       ||    12
    Use: Scroll            |     1 |     1 |       ||     2
         Potion            |       |     3 |     3 ||     6
 Armour: Scale mail        |   120 |   112 |     1 ||   233
  Dodge: Dodged            |    77 |    90 |       ||   167
         Repelled          |       |     3 |       ||     3

Table legend: (Time is in decaauts)
 A = Elapsed time spent in this place.
 B = Non-inter-level travel time spent in this place.
 C = Inter-level travel time spent in this place.
 D = Time resting spent in this place.
 E = Time spent auto-exploring this place.
 F = Levels seen in this place.
 G = Mean time per level.
                   A        B        C        D        E       F      G
               +--------+--------+--------+--------+--------+-----+--------+
         Total |   3380 |   2604 |    776 |    521 |   1353 |   7 |  482.9 |
       Dungeon |   3293 |   2602 |    691 |    521 |   1353 |   6 |  548.8 |
        Temple |     86 |      1 |     85 |      0 |      0 |   1 |   86.0 |
               +--------+--------+--------+--------+--------+-----+--------+

Top non-repeatable levels by time:
     D:1: 853 daAuts
     D:3: 736 daAuts
     D:4: 663 daAuts
     D:5: 553 daAuts
     D:2: 442 daAuts
  Temple: 86 daAuts
     D:6: 43 daAuts
